 Dungeon Crawl Stone Soup version 0.17-b1-18-g553e9fc (webtiles) character file.

1674 Kloppie the Slasher (level 8, -2/61 HPs)
             Began as a Centaur Hunter on Nov 4, 2015.
             Was an Initiate of Okawaru.
             Slain by a wyvern (6 damage)
             ... on level 7 of the Dungeon.
             The game lasted 00:21:25 (8493 turns).

Kloppie the Slasher (Centaur Hunter)                Turns: 8493, Time: 00:21:26

Health: -2/61      AC: 10    Str: 16    XL:     8   Next: 70%
Magic:  8/8        EV:  5    Int: 10    God:    Okawaru [......]
Gold:   438        SH:  0    Dex: 11    Spells: 0 memorised, 7 levels left

rFire  . . .     SeeInvis .     b - +2 scimitar
rCold  . . .     Clarity  .     k - +0 chain mail
rNeg   . . .     SustAt   .     (no shield)
rPois  .         Gourm    .     q - +0 helmet
rElec  .         Spirit   .     (no cloak)
rCorr  .         Warding  .     (no gloves)
rMut   .         Stasis   .     (no barding)
MR     .....                    (no amulet)
Stlth  ..........               (no ring)
                                (no ring)

@: very quick, not resistant to hostile enchantments, extremely unstealthy
A: hooves 3, deformed body, speed 2, regeneration 1, tough skin 3, evolution 1
a: Renounce Religion


You were on level 7 of the Dungeon.
You worshipped Okawaru.
Okawaru was noncommittal.
You were near starving.

You visited 2 branches of the dungeon, and saw 9 of its levels.

You collected 438 gold pieces.

Inventory:

Hand Weapons
 a - a +1 hand crossbow
 b - a +2 scimitar (weapon)
Missiles
 c - 38 bolts
Armour
 d - a +0 leather armour
 k - a +0 chain mail (worn)
 q - a +0 helmet (worn)
Scrolls
 h - a scroll of amnesia {unknown}
 j - a scroll of remove curse
 l - a scroll of noise {unknown}
 n - a scroll of fog
 o - 2 scrolls of enchant weapon {unknown}
 y - 2 scrolls of magic mapping {unknown}
Potions
 f - 3 potions of mutation
 g - a potion of ambrosia {unknown}
 i - 2 potions of flight
 p - a potion of cancellation
 s - 3 potions of poison
 t - a potion of might
 v - 2 potions of haste
 w - 4 potions of curing
 z - 2 potions of magic
Comestibles
 e - 8 bread rations
 m - 6 meat rations
 r - 7 beef jerkies
 u - 2 slices of pizza


   Skills:
 - Level 2.0 Fighting
 + Level 6.4 Long Blades
 - Level 5.8 Crossbows
 + Level 5.7 Armour
 - Level 1.6 Dodging
 - Level 0.5 Stealth


You had 7 spell levels left.
You didn't know any spells.

Dungeon Overview and Level Annotations

Branches:
Dungeon (8/15)             Temple (1/1) D:7
   Lair: D:8-11

Altars:
Ashenzari
Cheibriados
Dithmenos
Elyvilon
Fedhas
Gozag
Kikubaaqudgha
Makhleb
Nemelex Xobeh
Okawaru
Qazlal
Ru
Sif Muna
Trog
Vehumet
Xom
Yredelemnul
Zin
The Shining One

Annotations:
D:3 ScrubK's ghost, amateur HuBe


Innate Abilities, Weirdness & Mutations

You have hooves in place of feet.
Armour fits poorly on your strangely shaped body.
You cover ground very quickly.
You have extremely tough skin (AC +3).
Your natural rate of healing is unusually fast.
You evolve.


Message History

The wyvern is heavily wounded.
The wyvern bites you! The wyvern completely misses you.
You hit the wyvern. Your kick misses the wyvern.
The wyvern is heavily wounded.
The wyvern bites you but does no damage.
You closely miss the wyvern.
The wyvern is heavily wounded.
The wyvern bites you.
* * * LOW HITPOINT WARNING * * *
The wyvern bites you!
* * * LOW HITPOINT WARNING * * *
You closely miss the wyvern.
The wyvern is heavily wounded.
The wyvern bites you!
* * * LOW HITPOINT WARNING * * *
You hit the wyvern but do no damage.
The wyvern is heavily wounded.
The wyvern bites you but does no damage.
The wyvern bites you.
You die...

### ################ ##.##
#..............# ##.#.##
#.########.....####.###.##
#.# #.l@.........## ##.#
#.# #.##.....####.###.##
#.# #.##.....# ##.#.###
####.#####.####.###
##..... #..........# #.#
###### #.##.#####.# #.#
#.##.# ##.## #.#
#####.##.####...###.#
######
..............#.....#
######.....


You could see a wyvern.

Vanquished Creatures
  An ice beast (D:6)
  A sky beast (D:7)
  A black bear (D:6)
  2 ogres
  2 centaurs
  A necrophage (D:7)
  A wyvern skeleton (D:7)
  A scorpion (D:7)
  8 wights (D:6)
  A vampire bat (D:5)
  An orc priest (D:6)
  Jessica (D:2)
  A centaur skeleton (D:7)
  4 worker ants
  2 iguanas (D:6)
  2 orc wizards
  A hound skeleton (D:6)
  A worker ant zombie (D:6)
  Robin (D:2)
  6 adders
  A shadow imp (D:5)
  An ooze (D:5)
  3 worms
  3 fire bats (D:5)
  7 orcs
  2 spectral bats (D:5)
  A ball python (D:1)
  13 bats
  3 bat skeletons (D:5)
  A bat zombie (D:5)
  2 giant cockroaches
  9 hobgoblins
  2 jackals (D:2)
  6 kobolds
  6 quokkas
  A bat simulacrum (D:5)
  A giant gecko zombie (D:7)
  A giant newt (D:5)
  12 goblins
  A quokka zombie (D:7)
  4 rats
119 creatures vanquished.

Notes
Turn   | Place    | Note
--------------------------------------------------------------
     0 | D:1      | Kloppie the Centaur Hunter began the quest for the Orb.
     0 | D:1      | Reached XP level 1. HP: 17/17 MP: 1/1
   421 | D:1      | Reached XP level 2. HP: 18/24 MP: 2/2
  1205 | D:2      | Reached skill level 5 in Crossbows
  1339 | D:2      | Noticed Robin
  1359 | D:2      | Killed Robin
  1359 | D:2      | Reached XP level 3. HP: 29/29 MP: 3/3
  1451 | D:2      | Noticed Jessica
  1454 | D:2      | Killed Jessica
  1454 | D:2      | Reached skill level 1 in Armour
  1693 | D:3      | Noticed an orc warrior
  1706 | D:2      | Reached XP level 4. HP: 24/36 MP: 4/4
  1971 | D:2      | Gained mutation: You evolve. [potion of beneficial mutation]
  2228 | D:3      | Noticed ScrubK's ghost (amateur HuBe)
  2982 | D:4      | Reached XP level 5. HP: 3/41 MP: 5/5
  2983 | D:4      | HP: 2/41 [poisoned by a worker ant]
  3543 | D:4      | Reached skill level 1 in Long Blades
  3749 | D:5      | Entered Level 5 of the Dungeon
  3845 | D:5      | Noticed an ogre
  3882 | D:5      | Killed an ogre
  3979 | D:5      | Reached XP level 6. HP: 42/48 MP: 6/6
  4270 | D:5      | Noticed a centaur
  4276 | D:5      | Killed a centaur
  5287 | D:6      | Reached XP level 7. HP: 6/55 MP: 7/7
  5550 | D:6      | Found a shattered altar of Ashenzari.
  5569 | D:6      | Found a stormy altar of Qazlal.
  5573 | D:6      | Found a deep blue altar of Sif Muna.
  5573 | D:6      | Found a shimmering altar of Xom.
  5573 | D:6      | Found a white marble altar of Elyvilon.
  6271 | D:6      | Reached XP level 8. HP: 53/61 MP: 8/8
  6287 | D:6      | Reached skill level 5 in Long Blades
  7057 | D:7      | Reached skill level 5 in Armour
  7390 | D:7      | Gained mutation: Your natural rate of healing is unusually fast. [evolution]
  7480 | D:7      | Found a staircase to the Ecumenical Temple.
  7486 | Temple   | Entered the Ecumenical Temple
  7592 | Temple   | Became a worshipper of Warmaster Okawaru
  7647 | D:7      | Reached skill level 6 in Long Blades
  8081 | D:7      | Found a snail-covered altar of Cheibriados.
  8094 | D:7      | Found a basalt altar of Yredelemnul.
  8095 | D:7      | Found a sparkling altar of Nemelex Xobeh.
  8289 | D:7      | Found a glowing silver altar of Zin.
  8289 | D:7      | Found an opulent altar of Gozag.
  8440 | D:8      | HP: 3/61 [wyvern (3)]
  8493 | D:7      | Slain by a wyvern

Action                   |  1- 3 |  4- 6 |  7- 9 || total
-------------------------+-------+-------+-------++-------
Melee: Short sword       |    99 |   100 |       ||   199
       Long sword        |       |   149 |    62 ||   211
       Scimitar          |       |       |    95 ||    95
 Fire: Hand crossbow     |    16 |    47 |    69 ||   132
  Use: Potion            |       |     4 |     1 ||     5
       Scroll            |       |       |    11 ||    11
  Eat: Chunk             |     1 |    10 |     6 ||    17
       Pizza             |       |       |     1 ||     1
